 Dungeon Crawl Stone Soup version 0.19-a0-683-g5f2401d (webtiles) character file.

92 Krapule the Poker (level 4, -1/35 HPs)
             Began as a Merfolk Skald on June 17, 2016.
             Slain by Robin
             ... wielding a +0 club
              (5 damage)
             ... on level 2 of the Dungeon.
             The game lasted 00:05:01 (1613 turns).

Krapule the Poker (Merfolk Skald)                   Turns: 1613, Time: 00:05:02

Health: -1/35      AC:  3    Str: 12    XL:     4   Next: 60%
Magic:  5/7        EV: 13    Int: 11    God:
Gold:   84         SH:  0    Dex: 14    Spells: 1 memorised, 6 levels left

rFire  . . .     SeeInvis .     a - +0 spear
rCold  . . .     Gourm    .     b - +0 leather armour
rNeg   . . .     Faith    .     (no shield)
rPois  .         Spirit   .     (no helmet)
rElec  .         Dismiss  .     (no cloak)
rCorr  .         Reflect  .     (no gloves)
SustAt .         Harm     .     (no boots)
MR     .....                    (no amulet)
Stlth  ++........               j - ring of stealth
                                (no ring)

@: not resistant to hostile enchantments, unstealthy
A: change form in water, swift swim
a: no special abilities


You were on level 2 of the Dungeon.
You were hungry.

You visited 1 branch of the dungeon, and saw 2 of its levels.

You collected 84 gold pieces.

Inventory:

Hand Weapons
 a - a +0 spear (weapon)
Armour
 b - a +0 leather armour (worn)
Jewellery
 j - a ring of stealth (right hand)
Scrolls
 i - a scroll of remove curse
Potions
 e - a potion of heal wounds {unknown}
 f - a potion of flight {unknown}
 g - a potion of cancellation {unknown}
Books
 c - a book of Battle

   Spells                             Type                      Level
   a - Infusion                       Charms                       1
   b - Shroud of Golubria             Charms/Translocation         2
   c - Song of Slaying                Charms                       2
   d - Spectral Weapon                Hexes/Charms                 3
   e - Regeneration                   Charms/Necromancy            3
Comestibles
 d - 2 bread rations
 h - a beef jerky
 k - a meat ration
 l - a chunk of flesh


   Skills:
 - Level 3.0 Fighting
 + Level 4.0 Polearms
 + Level 1.3 Armour
 + Level 2.9 Dodging
 + Level 0.2 Stealth
 - Level 2.0 Spellcasting
 + Level 3.7 Charms


You had 6 spell levels left.
You knew the following spells:

 Your Spells              Type           Power        Failure   Level  Hunger
a - Infusion              Chrm           #...         10%         1    ##.....


Dungeon Overview and Level Annotations

Branches:
Dungeon (2/15)

Altars:
The Shining One

Annotations:
D:2 Robin


Message History

You hit Robin but do no damage.
Robin is almost dead.
Robin closely misses you.
You hit Robin.
Robin is almost dead.
Robin no longer looks unusually strong.
Robin completely misses you.
You hit Robin but do no damage.
Robin is almost dead.
You barely miss Robin.
Robin is almost dead.
Robin hits you with a club.
* * * LOW HITPOINT WARNING * * *
You are feeling hungry.
You hit Robin.
Robin is almost dead.
Robin closely misses you.
You hit Robin but do no damage.
Robin is almost dead.
Robin hits you with a club.
You die...

.#.......<.#
.............
..............
..#...........
.###.....##########
..>.#######.......#
#.#(.# #.......#
#....######.......#
...............g@.#
####..#...........#
#####.....#.......#
#..†......#.......#
..#####...#.......#
### #####.......#
#.......# #########


You could see Robin.

Vanquished Creatures
  2 adders (D:2)
  2 oozes
  4 dart slugs
  A giant gecko (D:2)
  3 bats
  3 giant cockroaches
  11 goblins
  10 hobgoblins
  3 jackals (D:1)
  A giant newt (D:1)
  5 kobolds
  6 rats
51 creatures vanquished.

Notes
Turn   | Place    | Note
--------------------------------------------------------------
     0 | D:1      | Krapule the Merfolk Skald began the quest for the Orb.
     0 | D:1      | Reached XP level 1. HP: 16/16 MP: 3/3
   111 | D:1      | Reached XP level 2. HP: 22/23 MP: 5/5
   159 | D:1      | Reached skill level 1 in Armour
   549 | D:1      | Reached XP level 3. HP: 26/28 MP: 6/6
  1158 | D:2      | Reached XP level 4. HP: 16/34 MP: 7/7
  1420 | D:2      | Found a glowing golden altar of the Shining One.
  1530 | D:2      | Noticed Robin
  1570 | D:2      | Reached skill level 4 in Polearms
  1613 | D:2      | Slain by Robin

Vault maps used:
D:1:      eino_arrival_cavern_a, corexii_corridor_pit,
          corexii_item_surrounded_by_moat
D:2:      lemuel_round_altar, tso_metal_star, uniq_robin

Skill      XL: |  1  2  3  4 |
---------------+-------------+-----
Armour         | 1 |  1.3
Dodging        | 2 |  2.9
Fighting       | 3 |  3.0
Polearms       | 4 |  4.0
Stealth        | |  0.2
Spellcasting   | |  2.0
Charms         | |  3.7

Action                   |  1- 3 |  4- 6 || total
-------------------------+-------+-------++-------
Melee: Spear             |   111 |    79 ||   190
 Cast: Infusion          |     1 |     1 ||     2
  Use: Scroll            |     3 |       ||     3
       Potion            |     1 |       ||     1
 Stab: Distracted        |     3 |       ||     3
       Sleeping          |     1 |     1 ||     2
  Eat: Chunk             |       |     2 ||     2
Armor: Leather armour    |     9 |    11 ||    20
Dodge: Dodged            |    50 |    43 ||    93
